 Dungeon Crawl Stone Soup version 0.30-a0-459-g9104f0fc43 (webtiles) character file.

Game seed: 16343373931148088058

1557 cforsyth the Ruffian (level 8, -1/80 HPs)
             Began as a Troll Fighter on Dec 15, 2022.
             Slain by a gnoll bouda
             ... wielding a +0 whip
              (3 damage)
             ... on level 5 of the Dungeon.
             The game lasted 00:05:03 (3817 turns).

cforsyth the Ruffian (Troll Fighter)                Turns: 3817, Time: 00:05:03

Health: -1/80      AC:  4    Str: 25    XL:     8   Next: 58%
Magic:  7/7        EV:  8    Int:  6    God:
Gold:   207        SH:  8    Dex:  9    Spells: 7/7 levels left

rFire   . . .      SeeInvis .      - Unarmed
rCold   . . .      Faith    .    b - +0 kite shield
rNeg    . . .      Spirit   .    a - +0 robe
rPois   .          Reflect  .    (helmet restricted)
rElec   .          Harm     .    (no cloak)
rCorr   .          Rampage  .    (gloves unavailable)
Will    .....                    (boots unavailable)
Stlth   +.........               (no amulet)
HPRegen 1.13/turn                (no ring)
MPRegen 0.10/turn                (no ring)

@: lethally poisoned (-1 -> -1), weakened, slowed, very slow
A: large, unfitting armour, claws 3, regeneration 1, shaggy fur 1, tough skin 1
a: no special abilities


You were on level 5 of the Dungeon.
You visited 1 branch of the dungeon, and saw 5 of its levels.

You collected 207 gold pieces.

Inventory:

Armour
 a - a +0 robe (worn)
 b - a +0 kite shield (worn)
Jewellery
 s - a ring of protection from fire
Wands
 m - a wand of charming (9)
Scrolls
 d - 2 scrolls of teleportation {unknown}
 e - 4 scrolls of identify {unknown}
 g - 2 scrolls of magic mapping {unknown}
 k - 2 scrolls of enchant armour {unknown}
 n - a scroll of enchant weapon {unknown}
 p - a scroll of poison {unknown}
 q - a scroll of amnesia {unknown}
 r - a scroll of silence {unknown}
 u - a scroll of butterflies {unknown}
Potions
 c - 2 potions of might
 f - a potion of resistance
 h - 2 potions of magic {unknown}
 i - a potion of brilliance {unknown}
 j - 5 potions of curing {unknown}
 l - 2 potions of mutation {unknown}
 o - a potion of heal wounds {unknown}
 t - a potion of degeneration {unknown}


   Skills:
 + Level 5.1 Fighting
 - Level 2.4 Dodging
 + Level 5.6 Shields
 * Level 7.9 Unarmed Combat


You had 7 spell levels left.
You didn't know any spells.
Your spell library contained the following spells:

 Spells                   Type           Power      Damage    Failure   Level
 Sandblast                Erth           0%         2d4       71%         1
 Passwall                 Tmut/Erth      0%         N/A       85%         2
 Stone Arrow              Conj/Erth      0%         3d7       97%         3
 Animate Dead             Necr           0%         N/A       100%        4
 Haunt                    Necr/Summ      0%         N/A       100%        7
 Infestation              Necr           0%         N/A       100%        8


Dungeon Overview and Level Annotations

Branches:
Dungeon (5/15)
 Temple: D:4-7

Altars:
Dithmenos
Sif Muna
Xom

Annotations:
D:2 1 runed translucent door, Crazy Yiuf
D:5 2 runed translucent doors


Innate Abilities, Weirdness & Mutations

You are too large for most types of armour.
You have claws for hands.
Your natural rate of healing is unusually fast.
You are covered in fur. (AC +1)
You have tough skin. (AC +1)


Message History

A gnoll comes into view. It is wielding a +4 halberd.
You are too injured to fight recklessly!
You are too injured to fight recklessly!
You are too injured to fight recklessly!
You are too injured to fight recklessly!
You are too injured to fight recklessly!
You are too injured to fight recklessly!
You are too injured to fight recklessly!
You are too injured to fight recklessly!
You feel very sick.
A gnoll comes into view. It is wielding a +0 flail.
The gnoll hits you with a +0 flail.
You barely miss the gnoll bouda.
You feel very sick.
The gnoll shouts!
An adder comes into view.
You block the gnoll's attack. x2
The gnoll bouda gazes fiercely through you!
You feel your attacks grow feeble. The gnoll hits you with a +0 flail.
The gnoll hits you from afar with a +4 halberd!
You completely miss the gnoll.
You feel very sick. You block the gnoll's attack.
The gnoll hits you with a +0 flail!
The gnoll hits you from afar with a +4 halberd.
The gnoll bouda gazes fiercely through you!
You feel as though you will be weak longer.
The gnoll bouda hits you with a +0 whip.
You scratch the gnoll.
The gnoll is lightly wounded.
You feel sick. The gnoll barely misses you.
The gnoll hits you from afar with a +4 halberd!!
* * * LOW HITPOINT WARNING * * *
The gnoll bouda barely misses you. You block the gnoll's attack.
The gnoll hits you with a +0 flail.
* * * LOW HITPOINT WARNING * * *
Unknown command.
You feel sick. You block the gnoll bouda's attack.
The gnoll bouda hits you with a +0 whip.
You die...

# ####### .# ....
..†.†.# ###. ##..§##
#####.# #.. #...§§##
#.# #.### §...§.§##
#####.#
##...#§§....§§.#
......#
##....§§§S.......
.###..###.......§gg_.§§
...............§@g§.§§
.####.###.....#§§g..§§
## #.# ##....##§§§.§.§
#.# ##...###.....# (.)
..#.## ##...## ###
##.#.# §..# # #.. ####
.#


You could see a gnoll bouda, 3 gnolls and an adder.

Vanquished Creatures
  Pikel (D:4)
  Sigmund (D:4)
  4 yaks (D:4)
  A vampire bat (D:3)
  A howler monkey (D:5)
  A hound (D:5)
  2 orc priests
  2 jellies
  2 orc wizards
  3 gnolls (D:3)
  2 adders
  A worm (D:4)
  A dart slug (D:4)
  5 orcs
  9 ball pythons
  13 bats
  6 endoplasms
  4 giant cockroaches
  7 goblins
  11 hobgoblins
  2 jackals (D:4)
  2 quokkas
  4 frilled lizards
  8 kobolds
  6 rats
99 creatures vanquished.

Notes
Turn   | Place    | Note
-------+----------+-------------------------------------------
     0 | D:1      | cforsyth the Troll Fighter began the quest for the Orb.
     0 | D:1      | Reached XP level 1. HP: 22/22 MP: 0/0
   107 | D:1      | Reached XP level 2. HP: 26/29 MP: 1/1
   519 | D:1      | Reached XP level 3. HP: 36/36 MP: 2/2
   868 | D:2      | Reached skill level 3 in Unarmed Combat
  1027 | D:2      | Found a runed translucent door.
  1028 | D:2      | Noticed Crazy Yiuf
  1211 | D:2      | Reached XP level 4. HP: 31/44 MP: 3/3
  1611 | D:3      | Reached skill level 4 in Unarmed Combat
  1611 | D:3      | Reached XP level 5. HP: 52/53 MP: 4/4
  2184 | D:3      | Identified the +1 robe "Mapoloq" {rC++}
  2266 | D:3      | Reached XP level 6. HP: 61/61 MP: 5/5
  2552 | D:4      | Noticed a yak
  2552 | D:4      | Noticed a yak
  2553 | D:4      | Noticed a yak
  2554 | D:4      | Noticed a yak
  2573 | D:4      | Killed a yak
  2574 | D:4      | Reached skill level 5 in Unarmed Combat
  2576 | D:4      | Killed a yak
  2577 | D:4      | Reached XP level 7. HP: 35/68 MP: 6/6
  2582 | D:4      | Killed a yak
  2583 | D:4      | Reached skill level 6 in Unarmed Combat
  2587 | D:4      | Killed a yak
  2736 | D:4      | Noticed Pikel
  2745 | D:4      | Killed Pikel
  2746 | D:4      | Reached skill level 5 in Shields
  2746 | D:4      | Reached skill level 7 in Unarmed Combat
  2746 | D:4      | Reached XP level 8. HP: 49/79 MP: 7/7
  2789 | D:4      | Noticed Sigmund
  2812 | D:4      | Killed Sigmund
  2813 | D:4      | Reached skill level 5 in Fighting
  3616 | D:4      | Found a shimmering blue altar of Sif Muna.
  3757 | D:5      | Entered Level 5 of the Dungeon
  3772 | D:5      | Found a large runed translucent door.
  3772 | D:5      | Found a large runed translucent door.
  3773 | D:5      | Found a shimmering altar of Xom.
  3807 | D:5      | Found a shadowy altar of Dithmenos.
  3816 | D:5      | HP: 2/80 [gnoll/+0 flail[a gnoll bouda] (4)]
  3817 | D:5      | Slain by a gnoll bouda

Illustrated notes

Levels and vault maps discovered:
D:1:      eino_arrival_water_star, layout_basic, hangedman_decor_points
D:2:      layout_loops_ring, uniq_crazy_yiuf_cottage
D:3:      layout_loops_ring, dk_vineyard_3, st_stairs_14, roderic_batcave,
          nicolae_elevator_lobby_asterisk
D:4:      layout_basic, lemuel_blue_sif_altar, uniq_sigmund, uniq_pikel
D:5:      due_chaos_kobolds, layout_loops_ring,
          mainiacjoe_overflow_six_doors_small, nicolae_dithmenos_the_darkroom,
          amcnicky_altar_gilded, minmay_temple_entry_slanted,
          chequers_serial_rivers_room_b

Skill      XL: |  1  2  3  4  5  6  7  8 |
---------------+-------------------------+-----
Shields        | 3 4 5 |  5.6
Unarmed Combat | 3 4 5 7 |  7.9
Fighting       | 3 4 5 |  5.1
Dodging        | |  2.4

Action                   |  1- 3 |  4- 6 |  7- 9 || total
-------------------------+-------+-------+-------++-------
Melee: Unarmed           |   103 |   122 |    79 ||   304
  Use: Potion            |       |     1 |       ||     1
 Stab: Sleeping          |     1 |       |       ||     1
Armor: Robe              |    27 |    90 |    22 ||   139
Dodge: Dodged            |    38 |    72 |    28 ||   138
Block: Kite shield       |    35 |    76 |    28 ||   139

Table legend: (Time is in decaauts)
 A = Elapsed time spent in this place.
 B = Non-inter-level travel time spent in this place.
 C = Inter-level travel time spent in this place.
 D = Time resting spent in this place.
 E = Time spent auto-exploring this place.
 F = Levels seen in this place.
 G = Mean time per level.
                   A        B        C        D        E       F      G
               +--------+--------+--------+--------+--------+-----+--------+
         Total |   3834 |   3670 |    164 |      0 |   2984 |   5 |  766.8 |
       Dungeon |   3834 |   3670 |    164 |      0 |   2984 |   5 |  766.8 |
               +--------+--------+--------+--------+--------+-----+--------+

Top non-repeatable levels by time:
     D:4: 1226 daAuts
     D:3: 995 daAuts
     D:1: 870 daAuts
     D:2: 679 daAuts
     D:5: 61 daAuts
